 Dungeon Crawl Stone Soup version 0.23.2-40-g277498a001 (webtiles) character file.

Game seed: 2569937582185660565

3374 Felnil the Warrior (level 10, -1/112 HPs)
             Began as a Hill Orc Fighter on Aug 15, 2019.
             Was a Believer of Yredelemnul.
             Splashed by a jelly's acid (8 damage)
             ... on level 7 of the Dungeon.
             The game lasted 00:19:03 (7191 turns).

Felnil the Warrior (Hill Orc Fighter)               Turns: 7191, Time: 00:19:07

Health: -1/112     AC: -9    Str: 23    XL:     10   Next: 3%
Magic:  10/10      EV:  3    Int: 11    God:    Yredelemnul [**....]
Gold:   411        SH:  8    Dex: 10    Spells: 9/9 levels left

rFire    . . .     SeeInvis .   a - +0 war axe
rCold    . . .     Gourm    .   c - +0 shield
rNeg     . . .     Faith    .   u - +0 plate armour
rPois    .         Spirit   .   (no helmet)
rElec    .         Reflect  .   (no cloak)
rCorr    .         Harm     .   (no gloves)
MR       .....                  (no boots)
Stlth    ..........             g - amulet of magic regeneration
HPRegen  0.28/turn              n - ring of wizardry
MPRegen  0.37/turn              r - +3 ring of intelligence

@: corroded, heavily drained
A: no striking features
a: Animate Remains, Recall Undead Slaves, Injury Mirror, Renounce Religion


You were on level 7 of the Dungeon.
You worshipped Yredelemnul.
Yredelemnul was pleased with you.
You were very hungry.

You visited 1 branch of the dungeon, and saw 7 of its levels.
You also visited: Ossuary.

You collected 411 gold pieces.

Inventory:

Hand Weapons
 a - a +0 war axe (weapon)
 s - a +5 scythe of slicing
Armour
 c - a +0 shield (worn)
 u - a +0 plate armour (worn)
Jewellery
 g - an amulet of magic regeneration (around neck)
 n - a ring of wizardry (left hand)
 r - a +3 ring of intelligence (right hand)
Wands
 F - a wand of acid (4)
Scrolls
 b - a scroll of teleportation {unknown}
 h - 3 scrolls of magic mapping
 k - 4 scrolls of remove curse
 l - 2 scrolls of immolation {unknown}
 m - 4 scrolls of enchant weapon {unknown}
 o - a scroll of fear {unknown}
 t - a scroll of random uselessness {unknown}
 v - a scroll of blinking {unknown}
 y - a scroll of vulnerability {unknown}
 A - 3 scrolls of identify
 E - a scroll of amnesia {unknown}
Potions
 d - 2 potions of might
 e - a potion of resistance
 i - 5 potions of heal wounds
 j - 2 potions of magic {unknown}
 p - 4 potions of agility
 q - 2 potions of berserk rage
 w - a potion of flight {unknown}
 x - a potion of cancellation {unknown}
 z - 2 potions of curing
 B - 2 potions of invisibility {unknown}
 C - a potion of brilliance {unknown}
 D - 2 potions of lignification
Comestibles
 f - 8 rations


   Skills:
 + Level 18.0(15.2) Fighting
 - Level 2.6(0.8) Axes
 - Level 3.2(1.3) Armour
 - Level 3.2(1.3) Shields


You had 9 spell levels left.
You didn't know any spells.
Your spell library was empty.

Dungeon Overview and Level Annotations

Branches:
Dungeon (7/15)             Temple (0/1) D:5

Altars:
Cheibriados
Dithmenos
Gozag
Sif Muna
Trog
Wu Jian
Xom
Yredelemnul
The Shining One

Shops:
D:5 *   D:6 ?


Message History

There is a bloodstained altar of Trog here.
You feel much better.
You block the bullfrog skeleton's attack.
The jelly barely misses you. The bullfrog skeleton hits you.
* * * LOW HITPOINT WARNING * * *
You hit the bullfrog skeleton but do no damage.
The bullfrog skeleton is heavily damaged.
You hit the jelly.
Your hands burn!
* * * LOW HITPOINT WARNING * * *
The jelly hits you.
* * * LOW HITPOINT WARNING * * *
The acid corrodes you!
You are splashed with acid!
* * * LOW HITPOINT WARNING * * *
The bullfrog skeleton hits you.
* * * LOW HITPOINT WARNING * * *
The jelly hits you.
* * * LOW HITPOINT WARNING * * *
The acid corrodes you!
You are splashed with acid!
You die...
Your body rises from the dead as a mindless zombie.

##.........####.....#
#..............##..#
##......#.###..# ...
#......#.###.###...
#..................
#.......<##...[....
#.<....#.##........
#......#.#....#####
#####@.....##.#
##ZJ.......# ##
#####.Z......###
...#.....?........#
...............##.#
...............# .#
..(........##### #
............#
............#


You could see a jelly, an adder skeleton and a bullfrog skeleton.

Vanquished Creatures
  Pikel (D:5)
  A hippogriff (D:7)
  A wraith (Ossuary)
  Sigmund (D:4)
  A human (D:3)
  4 slaves (D:5)
  A centaur (D:2)
  An ogre (D:4)
  An elf zombie (Ossuary)
  A scorpion (D:4)
  A howler monkey (D:4)
  5 wights (D:6)
  2 crimson imps
  2 hounds
  A human zombie (D:3)
  2 bullfrog skeletons
  An orc wizard (D:5)
  6 worker ants
  A big kobold zombie (Ossuary)
  3 mummies (Ossuary)
  A worker ant zombie (D:3)
  2 howler monkey skeletons (D:4)
  9 adders
  A shadow imp (D:5)
  2 oozes
  An adder zombie (D:7)
  An adder skeleton (D:5)
  A worm (D:5)
  2 dart slugs
  4 leopard geckos
  8 orcs
  2 ball pythons
  4 bats
  6 giant cockroaches
  8 hobgoblins
  15 jackals
  4 kobolds
  A quokka (D:2)
  3 frilled lizards
  A giant cockroach zombie (D:5)
  A gnoll zombie (Ossuary)
  6 goblins
  A goblin skeleton (D:3)
  4 goblin zombies (Ossuary)
  2 hobgoblin zombies (Ossuary)
  2 jackal skeletons (D:4)
  2 kobold zombies (Ossuary)
  3 leopard gecko skeletons
  An orc zombie (Ossuary)
  A quokka zombie (D:6)
  8 rats
  2 rat zombies (D:5)
146 creatures vanquished.

Vanquished Creatures (others)
  4 toadstools (D:1)
4 creatures vanquished.

Grand Total: 150 creatures vanquished

Notes
Turn   | Place    | Note
-------+----------+-------------------------------------------
     0 | D:1      | Felnil the Hill Orc Fighter began the quest for the Orb.
     0 | D:1      | Reached XP level 1. HP: 19/19 MP: 1/1
   136 | D:1      | Reached skill level 4 in Fighting
   142 | D:1      | Reached XP level 2. HP: 25/27 MP: 2/2
   240 | D:1      | Found a glowing golden altar of the Shining One.
   585 | D:2      | Reached skill level 5 in Fighting
   585 | D:2      | Reached XP level 3. HP: 16/36 MP: 3/3
   926 | D:2      | Found a shimmering altar of Xom.
  1291 | D:2      | Noticed a centaur
  1295 | D:2      | Reached XP level 4. HP: 40/44 MP: 4/4
  1309 | D:2      | Killed a centaur
  1309 | D:2      | Reached skill level 7 in Fighting
  1309 | D:2      | Reached XP level 5. HP: 44/52 MP: 5/5
  1431 | D:2      | HP: 2/52 [poisoned by an adder]
  1872 | D:2      | Found an opulent altar of Gozag.
  2228 | D:3      | Found an ornate altar of the Wu Jian Council.
  2324 | D:3      | Found a runed translucent door.
  2324 | D:3      | Noticed a human
  2334 | D:3      | Reached skill level 8 in Fighting
  2334 | D:3      | Reached XP level 6. HP: 55/61 MP: 6/6
  2339 | D:3      | Found a basalt altar of Yredelemnul.
  2369 | D:3      | Killed a human
  2392 | D:3      | Became a worshipper of Yredelemnul the Dark
  2739 | D:3      | Reached skill level 9 in Fighting
  2988 | D:4      | Reached XP level 7. HP: 68/70 MP: 7/7
  3363 | D:4      | Found a deep blue altar of Sif Muna.
  3490 | D:4      | Reached skill level 10 in Fighting
  3535 | D:4      | Found a snail-covered altar of Cheibriados.
  3814 | D:4      | Noticed Sigmund
  3831 | D:4      | Killed Sigmund
  3831 | D:4      | Reached skill level 11 in Fighting
  3831 | D:4      | Reached XP level 8. HP: 42/82 MP: 8/8
  4360 | D:5      | Entered Level 5 of the Dungeon
  4381 | D:5      | Found a staircase to the Ecumenical Temple.
  4422 | D:5      | Reached * piety under Yredelemnul
  4526 | D:5      | Found a shadowy altar of Dithmenos.
  4542 | D:5      | Found Heb Nynn's Assorted Antiques.
  4611 | D:5      | Found a sand-covered staircase.
  4624 | Ossuary  | Entered an ossuary
  4624 | Ossuary  | Noticed a wraith
  4624 | Ossuary  | Noticed a wraith
  4624 | Ossuary  | Noticed a wraith
  4826 | Ossuary  | Noticed a wraith
  4842 | Ossuary  | Killed a wraith
  4842 | Ossuary  | Reached skill level 12 in Fighting
  5220 | Ossuary  | Reached skill level 17 in Fighting
  5220 | Ossuary  | Reached XP level 9. HP: 103/103 MP: 9/9
  5247 | D:5      | Noticed Pikel
  5269 | D:5      | Killed Pikel
  6645 | D:6      | Found Verywath's Magic Scroll Shop.
  6891 | D:6      | Reached ** piety under Yredelemnul
  7074 | D:7      | Reached skill level 18 in Fighting
  7074 | D:7      | Reached XP level 10. HP: 63/112 MP: 10/10
  7088 | D:7      | Found a bloodstained altar of Trog.
  7186 | D:7      | HP: 4/112 [bullfrog skeleton (4)]
  7191 | D:7      | Splashed by a jelly's acid

Skill      XL: |  1  2  3  4  5  6  7  8  9 |
---------------+----------------------------+-----
Fighting       | 4 5 7 8 9 11 17 18 | 18.0
Axes           | |  2.6
Armour         | |  3.2
Shields        | |  3.2

Action                   |  1- 3 |  4- 6 |  7- 9 | 10-12 || total
-------------------------+-------+-------+-------+-------++-------
Melee: War axe           |   128 |   174 |   316 |     8 ||   626
Invok: Animate Remains   |       |       |     1 |       ||     1
  Use: Scroll            |       |     2 |     9 |       ||    11
       Potion            |       |       |     1 |     1 ||     2
 Stab: Distracted        |       |       |     1 |       ||     1
  Eat: Chunk             |     1 |     2 |     4 |       ||     7
       Ration            |       |     1 |     3 |       ||     4
Armor: Scale mail        |    47 |    64 |    33 |       ||   144
       Plate armour      |       |       |   187 |     9 ||   196
Dodge: Dodged            |    55 |    56 |    59 |     6 ||   176
Block: Shield            |    80 |    97 |   157 |    12 ||   346
